AoeStats
← | | 1 8 6 0 | |

Arena

505193111Analyzed
2v2 RM · 23d ago on Sep 8, 2026· 51m 44s· 4 players
Game mode
Random Map
Map size
Medium (4 player)
Population
200
Speed
Normal
Resources
Standard
Victory
Conquest
Starting age
Dark Age
Ending age
Imperial Age
RankedLock teamsTeams togetherTeam positionsShared explorationLock speedFull tech treeHidden civsTurbo modeCheats
Victory
Defeat
🇩🇪 Khitans · Germany
1091
+12
🇩🇪 Bohemians · Germany
1091
+12
🇳🇿 Hindustanis · New Zealand
1018
-13
🇨🇳 Mongols · China
978
-11
Boar_Hunter_Victim
10:01 Feudal Age
14:14 Castle Age
12:58 Loom
15:03 Double-Bit Axe
15:04 Horse Collar
20:23 Heavy Plow
22:27 Bow Saw
23:04 Wheelbarrow
22:39 Gold Mining
22:40 Stone Mining
25:20 Gold Shaft Mining
25:23 Stone Shaft Mining
28:48 Imperial Age
26:03 Town Watch
26:31 Squires
26:39 Fletching
27:00 Forging
26:51 Scale Mail Armor
26:46 Guard Tower
28:22 Hand Cart
30:33 Two-Man Saw
30:36 Chemistry
29:27 Arson
29:42 Bodkin Arrow
30:23 Iron Casting
30:51 Chain Mail Armor
31:13 Conscription
31:47 Murder Holes
39:24 Blast Furnace
42:38 Pikeman
43:37 Scale Barding Armor
44:50 Chain Barding Armor
44:34 Husbandry
44:56 Bloodlines
44:07 Heavy Camel Rider
44:22 Light Cavalry
48:30 Plate Barding Armor
49:38 Conscription
49:54 Hoardings
阿森
10:53 Feudal Age
15:07 Castle Age
14:04 Double-Bit Axe
14:09 Horse Collar
16:51 Bow Saw
18:28 Loom
23:29 Heavy Plow
25:50 Wheelbarrow
26:31 Gold Mining
26:32 Stone Mining
26:33 Fletching
28:14 Ballistics
31:06 Imperial Age
29:11 Bodkin Arrow
29:17 Padded Archer Armor
29:41 Husbandry
29:53 Bloodlines
31:12 Leather Archer Armor
30:19 Light Cavalry
31:12 Thumb Ring
31:45 Hand Cart
31:11 Elite Mangudai
33:13 Chemistry
32:50 Conscription
32:44 Bracer
33:35 Parthian Tactics
33:50 Scale Barding Armor
33:39 Hussar
34:42 Forging
37:06 Chain Barding Armor
39:42 Iron Casting
42:30 Blast Furnace
42:07 Siege Engineers
45:46 Onager
47:53 Coinage
| | 1 8 6 0 | |
11:01 Feudal Age
15:17 Castle Age
13:25 Double-Bit Axe
13:25 Horse Collar
16:47 Bow Saw
17:37 Heavy Plow
20:37 Wheelbarrow
19:47 Loom
21:29 Fervor
23:11 Hand Cart
24:02 Town Watch
29:27 Imperial Age
27:10 Scale Mail Armor
27:23 Forging
28:28 Chemistry
27:47 Squires
27:26 Pikeman
28:25 Chain Mail Armor
30:55 Plate Mail Armor
31:02 Iron Casting
29:50 Halberdier
31:37 Houfnice
32:45 Wagenburg Tactics
34:25 Siege Engineers
34:42 Ballistics
35:59 Blast Furnace
34:49 Fletching
35:00 Padded Archer Armor
34:57 Elite Skirmisher
36:02 Arson
38:14 Leather Archer Armor
37:55 Bodkin Arrow
39:53 Ring Archer Armor
39:37 Hussite Reforms
39:52 Conscription
40:47 Bracer
41:27 Wagenburg Tactics
A$AP Rocky DBD
11:35 Feudal Age
13:25 Wheelbarrow
13:42 Double-Bit Axe
14:22 Town Watch
16:40 Castle Age
14:46 Domestication
15:47 Scale Barding Armor
16:35 Gold Mining
17:38 Forging
18:06 Bow Saw
18:35 Light Cavalry
19:38 Loom
20:17 Chain Barding Armor
20:37 Pastoralism
23:08 Hand Cart
25:18 Stone Mining
26:23 Iron Casting
27:27 Husbandry
28:08 Town Patrol
31:40 Imperial Age
30:14 Scale Mail Armor
31:22 Chain Mail Armor
31:13 Fletching
32:25 Hussar
33:43 Plate Barding Armor
34:52 Conscription
34:39 Ordo Cavalry
35:43 Chemistry
34:44 Bodkin Arrow
35:20 Plate Mail Armor
39:23 Lamellar Armor
42:47 Ballistics
49:30 Bracer
Connection lost

Rejoining the realm…

Still unreachable

The connection could not be restored.

Session expired

The server has moved on; the page needs a fresh start.